 Dungeon Crawl Stone Soup version 0.28-a0-1412-gf95308ed99 (webtiles) character file.

Game seed: 12228471272533233245

2893 siradein the Ducker (level 10, 0/72 HPs)
             Began as a Djinni Gladiator on Jan 6, 2022.
             Was a Follower of Makhleb.
             Slain by an orc warrior (12 damage)
             ... on level 9 of the Dungeon on Jan 7, 2022.
             The game lasted 00:31:44 (13233 turns).

siradein the Ducker (Djinni Gladiator)             Turns: 13233, Time: 00:31:45

Health: 0/72       AC: 15    Str: 21    XL:     10   Next: 5%
Gold:   244        EV: 13    Int: 11    God:    Makhleb [*.....] SH:  3 Dex: 16

rFire   + + .      SeeInvis .   a - +0 long sword
rCold   x . .      Faith    .   C - +0 buckler
rNeg    . . .      Spirit   .   G - +0 plate armour
rPois   ∞          Reflect  .   c - +0 helmet
rElec   .          Harm     .   B - +0 cloak
rCorr   .          Rampage  .   (no gloves)
Will    +....                   (boots unavailable)
Stlth   ..........              (no amulet)
HPRegen 0.22/turn               i - +6 ring of strength
MPRegen 0.00/turn               f - +4 ring of evasion

@: flying
A: sickness immunity, fire resistance 2, cold vulnerability 1, float, innate
caster, hp casting, extra vitality 1
a: Renounce Religion


You were on level 9 of the Dungeon.
You worshipped Makhleb.
Makhleb was aware of your devotion.
You visited 1 branch of the dungeon, and saw 9 of its levels.

You collected 318 gold pieces.
You spent 74 gold pieces at shops.

Inventory:

Hand Weapons
 a - a +0 long sword (weapon)
Missiles
 d - 2 throwing nets
 m - 40 poisoned darts
Armour
 c - a +0 helmet (worn)
 g - an orb of guile
 B - a +0 cloak (worn)
 C - a +0 buckler (worn)
 G - a +0 plate armour (worn)
Jewellery
 f - a +4 ring of evasion (right hand)
 i - a +6 ring of strength (left hand)
Wands
 b - a wand of flame (31)
 u - a wand of charming (10)
 J - a wand of polymorph (4)
 K - a wand of mindburst (13)
Scrolls
 e - 2 scrolls of blinking
 j - 2 scrolls of fear
 k - a scroll of summoning
 p - a scroll of enchant weapon
 q - a scroll of holy word
 s - 2 scrolls of fog
 x - a scroll of vulnerability
 y - 4 scrolls of teleportation {unknown}
 A - 2 scrolls of magic mapping {unknown}
 E - a scroll of acquirement {unknown}
 F - 3 scrolls of torment {unknown}
 H - a scroll of silence {unknown}
 I - a scroll of enchant armour {unknown}
Potions
 h - a potion of lignification
 l - a potion of ambrosia
 o - 2 potions of attraction
 r - a potion of might
 t - 2 potions of haste {unknown}
 v - 3 potions of mutation {unknown}
 w - a potion of heal wounds
 z - 4 potions of curing {unknown}


   Skills:
 + Level 6.2 Fighting
 + Level 6.0 Long Blades
 - Level 1.5 Throwing
 + Level 5.8 Armour
 + Level 7.3 Dodging
 + Level 4.1 Spellcasting


You had 7 spell levels left.
You knew the following spells:

 Your Spells              Type           Power      Damage    Failure   Level
a - Magic Dart            Conj           44%        1d5       77%         1
b - Static Discharge      Conj/Air       11%        N/A       88%         2
c - Stone Arrow           Conj/Erth      22%        3d8       98%         3
d - Airstrike             Air            5%         N/A       100%        4
Your spell library was empty.


Dungeon Overview and Level Annotations

Branches:
Dungeon (9/15)             Temple (0/1) D:5            Lair (0/6) D:9
    Orc (0/2) D:9

Altars:
Ashenzari
Dithmenos
Fedhas
Makhleb
Ru
Trog
Vehumet
Xom
Zin

Shops:
D:4 *   D:5 [   D:6 (   D:7 ?   D:8 (

Annotations:
D:5 1 runed translucent door, CowFu's ghost, novice HOFi
D:9 Grum


Innate Abilities, Weirdness & Mutations

You are immune to sickness and miasma.
You are immune to poison.
Your flesh is very heat resistant. (rF++)
You are vulnerable to cold. (rC-)
You float through the air rather than walking.
You learn spells naturally, not from books.
Your magical power is your life essence.
You have superior vitality. (+4 MHP)


Message History

Grum glances around and shouts, "Pluto!
Here boy!"
Grum completely misses you. The orc hits you but does no damage.
You hit the orc but do no damage.
The orc is moderately wounded.
The orc warrior misses you. Grum barely misses you.
The orc completely misses you.
You hit the orc.
The orc is heavily wounded.
You block the orc warrior's attack. Grum closely misses you.
The orc hits you but does no damage.
You closely miss the orc warrior. The orc warrior barely misses you.
Grum shouts, "Junior!
Good boy!"
Grum hits you but does no damage. The orc hits you but does no damage.
You completely miss the orc warrior.
The orc warrior hits you with a +0 long sword!
Grum misses you. The orc barely misses you.
You hit the orc warrior but do no damage.
The orc warrior hits you with a +0 long sword.
Grum glances around and shouts, "Cujo!
Here boy!"
Grum closely misses you. The orc barely misses you.
You block the orc warrior's attack.
You hit the orc warrior.
The orc warrior is moderately wounded.
Grum hits you but does no damage. The orc barely misses you.
The orc warrior hits you but does no damage.
Grum barely misses you.
You hit the orc warrior but do no damage.
The orc warrior is moderately wounded.
The orc closely misses you.
The orc warrior hits you with a +0 long sword!
* * * LOW HITPOINT WARNING * * *
Grum hits you from afar with a -1 spear of freezing!
* * * LOW HITPOINT WARNING * * *
Grum freezes you.
* * * LOW HITPOINT WARNING * * *
You block the orc's attack.
You hit the orc warrior.
The orc warrior is moderately wounded.
The orc warrior hits you with a +0 long sword!
You die...

#....# ..8...!
#....####o....#
#........o#
#.g.......#
#..oo.oo..#
#ooh......#
##)########
###g# #@oh#
##o#########
#.........(#
#..........#
#..........#
#..........#
#..........+
#..........#
#..........#


You could see Grum, an orc warrior, a wolf and an orc.

Vanquished Creatures
  A boulder beetle (D:8)
  Eustachio (D:5)
  A water moccasin (D:6)
  A sky beast (D:7)
  An orc warrior (D:9)
  3 wolves (D:9)
  An ogre (D:6)
  2 centaurs
  2 phantoms
  A kobold brigand (D:6)
  A scorpion (D:4)
  A water moccasin skeleton (D:4)
  10 wights
  A bullfrog zombie (D:4)
  2 centaur zombies
  A hound (D:6)
  2 orc priests
  A jelly (D:4)
  A gnoll shaman (D:9)
  5 iguanas
  Terence (D:2)
  A howler monkey zombie (D:7)
  Robin (D:2)
  7 gnolls
  4 adders
  A shadow imp (D:5)
  A white imp (D:6)
  4 worms
  A dart slug (D:3)
  13 orcs
  7 ball pythons
  6 bats
  8 endoplasms
  5 giant cockroaches
  13 goblins
  7 hobgoblins
  4 jackals (D:3)
  4 quokkas
  8 frilled lizards
  10 kobolds
  5 rats
150 creatures vanquished.

Notes
Turn   | Place    | Note
-------+----------+-------------------------------------------
     0 | D:1      | siradein the Djinni Gladiator began the quest for the Orb.
     0 | D:1      | Reached XP level 1. HP: 18/18 MP: 0/0
   140 | D:1      | Found a faded altar of an unknown god.
   161 | D:1      | Reached XP level 2. HP: 21/23 MP: 0/0
   605 | D:1      | Reached XP level 3. HP: 25/29 MP: 0/0
   605 | D:1      | Learned a level 1 spell: Magic Dart
   661 | D:1      | Reached skill level 1 in Armour
  1257 | D:2      | Noticed Robin
  1527 | D:2      | Killed Robin
  1528 | D:2      | Reached XP level 4. HP: 28/34 MP: 0/0
  1953 | D:2      | Noticed Terence
  1972 | D:2      | HP: 1/34 [Terence (6)]
  2274 | D:2      | Killed Terence
  2275 | D:2      | Reached skill level 4 in Dodging
  2652 | D:2      | Reached XP level 5. HP: 26/40 MP: 0/0
  2652 | D:2      | Learned a level 2 spell: Static Discharge
  3712 | D:3      | Reached skill level 1 in Spellcasting
  3869 | D:4      | Reached XP level 6. HP: 46/46 MP: 0/0
  3964 | D:4      | Found a glowing silver altar of Zin.
  4316 | D:4      | Found Bych's General Store.
  4326 | D:4      | Bought a scroll of identify for 26 gold pieces
  4350 | D:4      | Found a sacrificial altar of Ru.
  4416 | D:4      | Found a blossoming altar of Fedhas.
  4416 | D:4      | Found a burning altar of Makhleb.
  4416 | D:4      | Found a bloodstained altar of Trog.
  4432 | D:4      | Found a broken altar of Ashenzari.
  4435 | D:4      | Found a shimmering altar of Xom.
  4443 | D:4      | Became a worshipper of Makhleb the Destroyer
  4585 | D:4      | Reached XP level 7. HP: 31/50 MP: 0/0
  4585 | D:4      | Learned a level 3 spell: Stone Arrow
  5136 | D:5      | Entered Level 5 of the Dungeon
  5157 | D:5      | Found a runed translucent door.
  5157 | D:5      | Noticed CowFu's ghost (novice HOFi)
  5174 | D:5      | Found Foluhub's Armour Boutique.
  5384 | D:5      | Found a shadowy altar of Dithmenos.
  5549 | D:5      | Noticed Eustachio
  5613 | D:5      | Killed Eustachio
  5614 | D:5      | Reached skill level 5 in Dodging
  5917 | D:5      | Found a staircase to the Ecumenical Temple.
  6167 | D:6      | Noticed a water moccasin
  6182 | D:6      | Killed a water moccasin
  6183 | D:6      | Reached XP level 8. HP: 42/58 MP: 0/0
  6344 | D:6      | Reached * piety under Makhleb
  6924 | D:6      | Found Fosuat's Weapon Shoppe.
  7710 | D:7      | Found Juxt's Magic Scroll Emporium.
  7718 | D:7      | Bought a scroll of identify for 24 gold pieces
  7718 | D:7      | Bought a scroll of identify for 24 gold pieces
  7933 | D:7      | Reached skill level 5 in Fighting
  7933 | D:7      | Reached skill level 6 in Dodging
  8057 | D:7      | Reached skill level 5 in Long Blades
  8285 | D:7      | Reached XP level 9. HP: 58/65 MP: 0/0
  8285 | D:7      | Learned a level 4 spell: Airstrike
  9758 | D:7      | HP: 1/65 [orc warrior (17)]
 10386 | D:8      | Found Xiunuz's Weapon Shoppe.
 10558 | D:8      | Reached skill level 5 in Armour
 10799 | D:8      | Noticed a boulder beetle
 10964 | D:8      | Killed a boulder beetle
 10965 | D:8      | Reached skill level 7 in Dodging
 12056 | D:9      | Noticed a troll
 12279 | D:8      | Noticed a komodo dragon
 12279 | D:8      | a troll changed into a komodo dragon
 12431 | D:9      | Reached XP level 10. HP: 48/72 MP: 0/0
 12550 | D:9      | Found a staircase to the Lair.
 13199 | D:9      | Found a staircase to the Orcish Mines.
 13211 | D:9      | Noticed Grum
 13233 | D:9      | Slain by an orc warrior

Illustrated notes

Levels and vault maps discovered:
D:1:      minmay_arrival_jagged, layout_basic,
          shapermc_ecumenical_altar_rom_forum, minmay_3d_cube
D:2:      layout_rooms, uniq_terence, uniq_robin
D:3:      layout_rooms
D:4:      layout_loops_ring, mainiacjoe_overflow_alcove_4,
          minmay_overflow_temple_hex, serial_shops, shop
D:5:      layout_cave_pools, mainiacjoe_overflow_tiny_flanked,
          minmay_temple_entry_slanted, serial_shops, shop,
          hellmonk_ghost_happy_afterlife, minmay_misc_feat_rugged,
          uniq_eustachio
D:6:      layout_loops_cross, serial_shops, kennysheep_little_box
D:7:      layout_loops_ring, serial_shops, nicolae_shop_trees
D:8:      layout_basic, nicolae_vehumet_altar_sigil, serial_shops, shop
D:9:      layout_roguey, erik_lair_island, david_orc_2, uniq_prince_ribbit1,
          uniq_grum

Skill      XL: |  1  2  3  4  5  6  7  8  9 10 |
---------------+-------------------------------+-----
Long Blades    | 3 4 5 6 |  6.0
Armour         | 1 2 3 4 5 |  5.8
Dodging        | 4 5 6 7 |  7.3
Fighting       | 3 4 5 6 |  6.2
Spellcasting   | 1 2 3 4 |  4.1
Throwing       | |  1.5

Action                   |  1- 3 |  4- 6 |  7- 9 | 10-12 || total
-------------------------+-------+-------+-------+-------++-------
Melee: Long sword        |   105 |   184 |   425 |    52 ||   766
       Punch             |     1 |     3 |     1 |       ||     5
Throw: Throwing net      |       |       |     2 |       ||     2
       Dart              |       |       |     5 |       ||     5
 Cast: Magic Dart        |       |     1 |     1 |       ||     2
Evoke: Wand              |       |       |     2 |       ||     2
  Use: Scroll            |       |     6 |     9 |     1 ||    16
       Potion            |       |       |     1 |       ||     1
 Stab: Sleeping          |     1 |       |       |       ||     1
       Held in net/web   |       |       |     1 |       ||     1
Armor: Leather armour    |    21 |       |       |       ||    21
       Ring mail         |    36 |    18 |       |       ||    54
       Scale mail        |       |    57 |   101 |       ||   158
       Plate armour      |       |       |    55 |    26 ||    81
Dodge: Dodged            |    97 |   127 |   378 |    39 ||   641
Block: Buckler           |       |       |    39 |    13 ||    52

Table legend: (Time is in decaauts)
 A = Elapsed time spent in this place.
 B = Non-inter-level travel time spent in this place.
 C = Inter-level travel time spent in this place.
 D = Time resting spent in this place.
 E = Time spent auto-exploring this place.
 F = Levels seen in this place.
 G = Mean time per level.
                   A        B        C        D        E       F      G
               +--------+--------+--------+--------+--------+-----+--------+
         Total |  13413 |  13214 |    199 |   2459 |   7547 |   9 | 1490.3 |
       Dungeon |  13413 |  13214 |    199 |   2459 |   7547 |   9 | 1490.3 |
               +--------+--------+--------+--------+--------+-----+--------+

Top non-repeatable levels by time:
     D:6: 2374 daAuts
     D:8: 2161 daAuts
     D:7: 1990 daAuts
     D:1: 1809 daAuts
     D:4: 1701 daAuts
     D:2: 1011 daAuts
     D:5: 910 daAuts
     D:3: 825 daAuts
     D:9: 629 daAuts
